 Dungeon Crawl Stone Soup version 0.21-a0-507-ga8f6b7a (webtiles) character file.

151 Blight the Insei (level 5, -1/41 HPs)
             Began as a Demonspawn Monk on Nov 27, 2017.
             Slain by a gnoll
             ... wielding a +0 club
              (8 damage)
             ... on level 3 of the Dungeon.
             The game lasted 00:22:17 (2599 turns).

Blight the Insei (Demonspawn Monk)                  Turns: 2599, Time: 00:22:18

Health: -1/41      AC:  3    Str: 17    XL:     5   Next: 10%
Magic:  5/5        EV: 13    Int: 12    God:
Gold:   105        SH:  0    Dex: 15    Spells: 4/4 levels left

rFire    . . .     SeeInvis .     - Unarmed
rCold    . . .     Gourm    .   (no shield)
rNeg     . . .     Faith    .   a - +1 robe
rPois    .         Spirit   .   (helmet restricted)
rElec    .         Reflect  .   (no cloak)
rCorr    .         Harm     .   (no gloves)
MR       .....                  (no boots)
Stlth    ++........             (no amulet)
HPRegen  0.13/turn              (no ring)
MPRegen  0.09/turn              (no ring)

@: mighty
A: horns 2, rot immunity
a: no special abilities


You were on level 3 of the Dungeon.
You were not hungry.

You visited 1 branch of the dungeon, and saw 3 of its levels.

You collected 105 gold pieces.

Inventory:

Hand Weapons
 k - a cursed -3 dagger
 o - a +0 hunting sling
Missiles
 d - 5 needles of frenzy
 i - 139 stones (quivered)
Armour
 a - a +1 robe (worn)
 f - a +0 robe
 g - a +0 robe
 p - a +0 robe
 u - a cursed +0 chain mail
Scrolls
 e - a scroll of blinking {unknown}
 h - 2 scrolls of remove curse
 j - a scroll of amnesia {unknown}
 n - a scroll of enchant armour
 q - a scroll of teleportation
 r - a scroll of identify
Potions
 m - a potion of ambrosia {unknown}
 t - a potion of might
Comestibles
 b - a bread ration
 c - a fruit
 l - a meat ration


   Skills:
 + Level 3.3 Fighting
 + Level 3.3 Dodging
 + Level 2.4 Stealth
 + Level 4.4 Unarmed Combat


You had 4 spell levels left.
You didn't know any spells.

Dungeon Overview and Level Annotations

Branches:
Dungeon (3/15)

Altars:
Okawaru


Innate Abilities, Weirdness & Mutations

You have a pair of horns on your head.
You are immune to rotting.


Message History

The gnoll is heavily wounded.
The gnoll hits you with a halberd. The gnoll misses you.
It was a potion of might.
You feel very mighty all of a sudden. The gnoll barely misses you.
You barely miss the gnoll.
The gnoll is heavily wounded.
The gnoll hits you with a club.
* * * LOW HITPOINT WARNING * * *
The gnoll barely misses you.
You hit the gnoll.
The gnoll is almost dead.
The gnoll barely misses you. The gnoll closely misses you.
You punch the gnoll!
You kill the gnoll!
The gnoll barely misses you. The hobgoblin hits you with a club.
* * * LOW HITPOINT WARNING * * *
There is an open door here.
You closely miss the gnoll. The gnoll hits you with a club!
You die...

#.# ######.#.#..#.#.#.....
#.# #.....>...............
#.# #)....##........#†####
#.###.....#.........#..).)
#...'...............######
#####...............######
#................>....
###.....#.).............
.......@g...............
#########g..............
#...............
######...............
#..............#.....
#.....)........#.....
#..............
#.........####
#.....%.....


You could see a gnoll and a hobgoblin.

Vanquished Creatures
  An orc wizard (D:3)
  A gnoll (D:3)
  2 adders (D:2)
  2 oozes
  A worm (D:2)
  2 leopard geckos (D:1)
  3 orcs (D:3)
  8 bats
  5 giant cockroaches
  5 goblins
  12 hobgoblins
  9 jackals
  A quokka (D:2)
  2 frilled lizards
  6 kobolds
  14 rats
74 creatures vanquished.

Notes
Turn   | Place    | Note
-------+----------+-------------------------------------------
     0 | D:1      | Blight the Demonspawn Monk began the quest for the Orb.
     0 | D:1      | Reached XP level 1. HP: 18/18 MP: 1/1
   114 | D:1      | Gained mutation: You have a pair of small horns on your head. [demonic ancestry]
   114 | D:1      | Reached XP level 2. HP: 12/24 MP: 2/2
   179 | D:1      | Reached skill level 3 in Unarmed Combat
   855 | D:1      | Gained mutation: You are immune to rotting. [demonic ancestry]
   855 | D:1      | Reached XP level 3. HP: 15/29 MP: 3/3
  1359 | D:2      | Found an iron altar of Okawaru.
  1589 | D:2      | HP: 1/29 [adder (1)]
  1591 | D:2      | Gained mutation: You have a pair of horns on your head. [demonic ancestry]
  1591 | D:2      | Reached XP level 4. HP: 10/35 MP: 4/4
  2040 | D:2      | Reached skill level 4 in Unarmed Combat
  2525 | D:3      | Reached XP level 5. HP: 34/41 MP: 5/5
  2599 | D:3      | Slain by a gnoll

Vault maps used:
D:1:      onia_arrival_mini_maze, minmay_statues_item
D:2:      first_bread, okawaru_ov_weapons_minmay
D:3:      lemuel_round_altar, lightli_temple_of_fire,
          chequers_temple_overflow_minitemple, minmay_rat_hole

Skill      XL: |  1  2  3  4 |
---------------+-------------+-----
Unarmed Combat | 3 4 |  4.4
Dodging        | 3 |  3.3
Stealth        | 2 |  2.4
Fighting       | |  3.3

Action                   |  1- 3 |  4- 6 || total
-------------------------+-------+-------++-------
Melee: Unarmed           |   186 |    90 ||   276
       Punch             |     2 |     2 ||     4
       Headbutt          |    23 |    15 ||    38
Throw: Stone             |       |     5 ||     5
  Use: Potion            |     1 |     1 ||     2
       Scroll            |       |     7 ||     7
 Stab: Sleeping          |     5 |     1 ||     6
       Distracted        |     1 |     2 ||     3
  Eat: Chunk             |     2 |     2 ||     4
       Bread ration      |       |     1 ||     1
Armor: Robe              |    20 |    17 ||    37
Dodge: Dodged            |   107 |    54 ||   161

Table legend:
 A = Spawn XP
 B = Non-spawn XP
 C = Spawn XP percentage of total XP
 D = Spawn monster count
 E = Non-spawn monster count
 F = Spawn count percentage of total count
 G = Total turns spent on level
                    A         B        C        D         E        F      G
               +---------+---------+-------+---------+---------+-------+---------
         Total |       0 |     216 |   0.0 |       0 |      74 |   0.0 |  2599
               +---------+---------+-------+---------+---------+-------+---------
           D:1 |       0 |      69 |   0.0 |       0 |      35 |   0.0 |  1287
           D:2 |       0 |      69 |   0.0 |       0 |      25 |   0.0 |  1089
           D:3 |       0 |      78 |   0.0 |       0 |      14 |   0.0 |   223
               +---------+---------+-------+---------+---------+-------+---------
